 Dungeon Crawl Stone Soup version 0.29.1-1-gd02db6906a (webtiles) character file.

Game seed: 5788580969322925030

581 MisterFreud the Covert (level 7, 0/60 HPs)
             Began as a Gnoll Delver on Oct 11, 2022.
             Was an Initiate of Hepliaklqana.
             Succumbed to a hornet's poison
             ... on level 6 of the Dungeon.
             The game lasted 00:06:47 (5235 turns).

MisterFreud the Covert (Gnoll Delver)               Turns: 5235, Time: 00:06:48

Health: 0/60       AC: 12    Str: 15    XL:     7   Next: 36%
Magic:  10/10      EV: 10    Int: 17    God:    Hepliaklqana [......]
Gold:   274        SH:  0    Dex:  9    Spells: 11/11 levels left

rFire   + . .      SeeInvis .   b - +8 sling of Anxiety {freeze, Str+4}
rCold   . . .      Faith    .   (no shield)
rNeg    . . .      Spirit   .   s - +2 scale mail {rF+}
rPois   .          Reflect  .   (no helmet)
rElec   +          Harm     .   (no cloak)
rCorr   .          Rampage  .   h - +2 pair of gloves of Dyspraxia {+Blink rElec Dex-5}
Will    .....                   p - +0 pair of boots
Stlth   +++.......              (no amulet)
HPRegen 0.20/turn               z - +6 ring of intelligence
MPRegen 0.12/turn               (no ring)

@: lethally poisoned (0 -> -16), slowed, very slow
A: fangs 1, strong nose, distributed training
a: Renounce Religion, Evoke Blink


You were on level 6 of the Dungeon.
You worshipped Hepliaklqana.
Hepliaklqana was noncommittal.
You visited 2 branches of the dungeon, and saw 7 of its levels.

You collected 274 gold pieces.

Inventory:

Hand Weapons
 a - a +0 short sword
 b - the +8 sling of Anxiety (weapon) {freeze, Str+4}
   (You took it off a kobold on level 4 of the Dungeon)

   Any ammunition fired from it freezes those it strikes, dealing additional
   cold damage.
   It can also slow down cold-blooded creatures.
   Str:       It affects your strength (+4).
Missiles
 l - 8 poisoned darts
 w - 12 boomerangs
Armour
 h - the +2 pair of gloves of Dyspraxia (worn) {+Blink rElec Dex-5}
   (You found it on level 6 of the Dungeon)

   Dex:       It affects your dexterity (-5).
   rElec:     It insulates you from electricity.
   +Blink:    It lets you blink.
 o - a +0 leather armour
 p - a +0 pair of boots (worn)
 s - a +2 scale mail of fire resistance (worn)
Jewellery
 z - a +6 ring of intelligence (left hand)
Wands
 g - a wand of digging (3)
 q - a wand of flame (23)
Scrolls
 c - a scroll of fog
 d - a scroll of magic mapping
 e - 2 scrolls of vulnerability
 j - 4 scrolls of teleportation
 x - a scroll of butterflies
 y - 2 scrolls of identify
Potions
 f - a potion of haste
 i - 5 potions of might
 k - a potion of attraction {unknown}
 m - a potion of ambrosia {unknown}
 n - 2 potions of curing
 r - 2 potions of berserk rage {unknown}
 t - 2 potions of heal wounds {unknown}
 u - a potion of brilliance {unknown}
 v - a potion of invisibility {unknown}
 A - a potion of resistance {unknown}


   Skills:
 + Level 7.0 Fighting
 + Level 5.2 Short Blades
 + Level 2.5 Long Blades
 + Level 2.5 Axes
 + Level 2.5 Maces & Flails
 + Level 2.5 Polearms
 + Level 2.5 Staves
 + Level 2.5 Ranged Weapons
 + Level 2.5 Throwing
 + Level 2.5 Armour
 + Level 5.2 Dodging
 + Level 9.9 Stealth
 + Level 2.5 Shields
 + Level 2.5 Unarmed Combat
 + Level 2.5 Spellcasting
 + Level 2.0 Conjurations
 + Level 2.0 Hexes
 + Level 2.0 Summonings
 + Level 2.0 Necromancy
 + Level 2.0 Translocations
 + Level 2.0 Transmutations
 + Level 2.0 Fire Magic
 + Level 2.0 Ice Magic
 + Level 2.0 Air Magic
 + Level 2.0 Earth Magic
 + Level 2.0 Poison Magic
 + Level 2.8 Invocations
 + Level 2.5 Evocations


You had 11 spell levels left.
You didn't know any spells.
Your spell library contained the following spells:

 Spells                   Type           Power      Damage    Failure   Level
 Apportation              Tloc           18%        N/A       30%         1
 Necrotise                Necr           36%        1d5       30%         1
 Summon Small Mammal      Summ           36%        N/A       30%         1


Dungeon Overview and Level Annotations

Branches:
Dungeon (6/15)             Temple (1/1) D:6

Altars:
Ashenzari
Cheibriados
Dithmenos
Elyvilon
Fedhas
Gozag
Hepliaklqana
Kikubaaqudgha
Makhleb
Nemelex Xobeh
Okawaru
Uskayaw
Vehumet
Wu Jian
Yredelemnul
Zin
The Shining One

Shops:
D:6 (


Innate Abilities, Weirdness & Mutations

You have very sharp teeth.
Your uncanny sense of smell can sniff out nearby items.
Your experience applies equally to all skills.


Message History

You are no longer poisoned.
The hornet stings you.
You are poisoned.
You feel yourself slow down. The hornet stings you.
You feel as though you will be slow longer.
You are too injured to fight recklessly!
Unknown command.
You are too injured to fight recklessly!
Unknown command.
You are too injured to fight recklessly!
Unknown command.
You are too injured to fight recklessly!
Fire: b) +8 sling of Anxiety {freeze, Str+4}
Press: ? - help, Q - select action, (/) - cycle Shift-Dir - straight line, f/p - hornet
Aim: a hornet (almost dead, 54% to hit)
You shoot a sling bullet. The sling bullet misses the hornet.
You feel very sick.
The hornet stings you but does no damage.
The hornet barely misses you. The hornet stings you.
You feel as though you will be slow longer.
Unknown command.
Fire: b) +8 sling of Anxiety {freeze, Str+4}
Press: ? - help, Q - select action, (/) - cycle Shift-Dir - straight line, f/p - hornet
Aim: a hornet (almost dead, 54% to hit)
You shoot a sling bullet.
The sling bullet hits the hornet but does no damage.
The hornet is almost dead.
You feel very sick.
The hornet barely misses you. x2; The hornet stings you!
* * * LOW HITPOINT WARNING * * *
You are lethally poisoned!
You feel as though you will be slow longer.
Unknown command.
Fire: b) +8 sling of Anxiety {freeze, Str+4}
Press: ? - help, Q - select action, (/) - cycle Shift-Dir - straight line, f/p - hornet
Aim: a hornet (severely wounded, 54% to hit)
You shoot a sling bullet. The sling bullet hits the hornet.
The sling bullet freezes the hornet.
The hornet is almost dead.
You die...

.......#.###.....#.##.#
........###.>..#..##.#
###....##....##.###.#
#.......##...##.....#
#.#......##..###.#####
##.##.###...#.###....<#
##...#..##.#....#.......
.......∩##.####...####.#
##...#.@#... ###.# #.#
##.##..y....# #.# #.# #.
#.##....# #.# #.# #
..###.#.# #> #.# .###
#.=... #. #.# .. #.# #.#
#. ... ## #.


You could see a hornet.

Vanquished Creatures
  2 centaurs
  Blork the orc (D:5)
  A scorpion (D:5)
  A howler monkey (D:4)
  A jelly (D:5)
  Natasha (thrice) (D:4)
  2 iguanas (D:5)
  3 adders
  4 worms
  A dart slug (D:3)
  3 orcs
  5 ball pythons
  2 bats (D:2)
  10 endoplasms
  3 giant cockroaches
  5 goblins
  7 hobgoblins
  4 kobolds
  A quokka (D:5)
  3 frilled lizards (D:3)
  6 rats
68 creatures vanquished.

Vanquished Creatures (collateral kills)
  A rat (D:1)
1 creature vanquished.

Vanquished Creatures (others)
  A plant (D:3)
1 creature vanquished.

Grand Total: 70 creatures vanquished

Notes
Turn   | Place    | Note
-------+----------+-------------------------------------------
     0 | D:5      | Reached skill level 9 in Stealth
     0 | D:5      | MisterFreud the Gnoll Delver began the quest for the Orb.
     0 | D:5      | Reached XP level 1. HP: 23/23 MP: 1/1
     4 | D:6      | Identified the +2 pair of gloves of Dyspraxia {+Blink rElec
                  | Dex-5}
    57 | D:4      | Reached XP level 2. HP: 29/29 MP: 2/2
    83 | D:4      | Found a snail-covered altar of Cheibriados.
   662 | D:3      | Reached XP level 3. HP: 30/33 MP: 3/3
   781 | D:1      | Found a faded altar of an unknown god.
   875 | D:1      | Reached skill level 1 in Invocations
  1272 | D:2      | Reached skill level 1 in Long Blades
  1272 | D:2      | Reached skill level 1 in Axes
  1272 | D:2      | Reached skill level 1 in Maces & Flails
  1272 | D:2      | Reached skill level 1 in Polearms
  1272 | D:2      | Reached skill level 1 in Staves
  1272 | D:2      | Reached skill level 1 in Ranged Weapons
  1272 | D:2      | Reached skill level 1 in Throwing
  1272 | D:2      | Reached skill level 1 in Armour
  1272 | D:2      | Reached skill level 1 in Shields
  1272 | D:2      | Reached skill level 1 in Unarmed Combat
  1272 | D:2      | Reached skill level 1 in Spellcasting
  1272 | D:2      | Reached skill level 1 in Evocations
  1474 | D:2      | Reached XP level 4. HP: 41/41 MP: 5/5
  1884 | D:2      | HP: 1/41 [acid (7)]
  2667 | D:3      | Reached skill level 1 in Conjurations
  2667 | D:3      | Reached skill level 1 in Hexes
  2667 | D:3      | Reached skill level 1 in Summonings
  2667 | D:3      | Reached skill level 1 in Necromancy
  2667 | D:3      | Reached skill level 1 in Translocations
  2667 | D:3      | Reached skill level 1 in Transmutations
  2667 | D:3      | Reached skill level 1 in Fire Magic
  2667 | D:3      | Reached skill level 1 in Ice Magic
  2667 | D:3      | Reached skill level 1 in Air Magic
  2667 | D:3      | Reached skill level 1 in Earth Magic
  2667 | D:3      | Reached skill level 1 in Poison Magic
  3046 | D:4      | Noticed a centaur
  3078 | D:4      | Killed a centaur
  3079 | D:4      | Reached XP level 5. HP: 8/47 MP: 5/7
  3411 | D:4      | Identified the +8 sling of Anxiety {freeze, Str+4}
  3692 | D:4      | Noticed Natasha
  3694 | D:4      | Killed Natasha
  3695 | D:4      | Reached XP level 6. HP: 53/53 MP: 8/8
  3853 | D:4      | Noticed Natasha
  3858 | D:4      | Killed Natasha
  3859 | D:4      | Reached skill level 5 in Short Blades
  3859 | D:4      | Reached skill level 5 in Dodging
  3970 | D:4      | Noticed Natasha
  3972 | D:4      | Killed Natasha
  4213 | D:3      | Found a glowing silver altar of Zin.
  4530 | D:5      | Reached XP level 7. HP: 60/60 MP: 10/10
  4636 | D:5      | Noticed Blork the orc
  4645 | D:5      | Killed Blork the orc
  4747 | D:5      | Found a glowing golden altar of the Shining One.
  4922 | D:5      | Found an ancient bone altar of Kikubaaqudgha.
  5085 | D:6      | Found a staircase to the Ecumenical Temple.
  5095 | Temple   | Entered the Ecumenical Temple
  5100 | Temple   | Became a worshipper of Hepliaklqana the Forgotten
  5170 | D:6      | Found an opulent altar of Gozag.
  5170 | D:6      | Found a basalt altar of Yredelemnul.
  5218 | D:6      | Found Waceum's Weapon Shoppe.
  5223 | D:6      | Noticed a hornet
  5227 | D:6      | Paralysed by a hornet for 3 turns
  5235 | D:6      | Succumbed to a hornet's poison

Illustrated notes

Levels and vault maps discovered:
D:1:      scummos_arrival_checkerplants, layout_rooms,
          shapermc_ecumenical_altar_mp_highgroup, chequers_avenue
D:2:      layout_loops_ring, nicolae_wormholes
D:3:      layout_basic, zin_scriptorium, minmay_misc_feat_plants,
          chequers_hall_statues_corner_a
D:4:      layout_basic, mainiacjoe_overflow_brackets, serial_rivers,
          chequers_serial_rivers_marsh, chequers_serial_rivers_micro_b,
          chequers_serial_rivers_large_b, chequers_serial_rivers_room_a,
          minivault_25, uniq_natasha
D:5:      layout_basic, nicolae_kikubaaqudgha_miasma_corner,
          mainiacjoe_overflow_concentric_impassable, uniq_blork_the_orc
D:6:      layout_loops_ring, tgw_xom, gammafunk_temple_overflow_elements,
          minmay_temple_entry_wispy, serial_shops, shop
Temple:   minmay_freezing_vapour_temple

Skill      XL: |  1  2  3  4  5  6  7 |
---------------+----------------------+-----
Stealth        | |  9.9
Invocations    | 1 2 |  2.8
Long Blades    | 1 2 |  2.5
Axes           | 1 2 |  2.5
Maces & Flails | 1 2 |  2.5
Polearms       | 1 2 |  2.5
Staves         | 1 2 |  2.5
Ranged Weapons | 1 2 |  2.5
Throwing       | 1 2 |  2.5
Armour         | 1 2 |  2.5
Shields        | 1 2 |  2.5
Unarmed Combat | 1 2 |  2.5
Spellcasting   | 1 2 |  2.5
Evocations     | 1 2 |  2.5
Conjurations   | 1 2 |  2.0
Hexes          | 1 2 |  2.0
Summonings     | 1 2 |  2.0
Necromancy     | 1 2 |  2.0
Translocations | 1 2 |  2.0
Transmutations | 1 2 |  2.0
Fire Magic     | 1 2 |  2.0
Ice Magic      | 1 2 |  2.0
Air Magic      | 1 2 |  2.0
Earth Magic    | 1 2 |  2.0
Poison Magic   | 1 2 |  2.0
Short Blades   | 5 |  5.2
Dodging        | 5 |  5.2
Fighting       | 7 |  7.0

Action                   |  1- 3 |  4- 6 |  7- 9 || total
-------------------------+-------+-------+-------++-------
Melee: Short sword       |    72 |   158 |       ||   230
       Bite              |     7 |    17 |       ||    24
       Punch             |       |     1 |       ||     1
 Fire: Sling             |       |    30 |    21 ||    51
  Use: Scroll            |     5 |     5 |       ||    10
       Potion            |       |     1 |       ||     1
 Stab: Sleeping          |    14 |     6 |       ||    20
       Distracted        |       |     1 |       ||     1
Armor: Leather armour    |    16 |    15 |       ||    31
       Scale mail        |       |    62 |     9 ||    71
Dodge: Dodged            |    28 |   108 |    16 ||   152
